 Dungeon Sprint DCSS version 0.17-a0-1534-gf98da79 (webtiles) character file.

14189 nuthulu the Tortoise (level 12, -5/88 HPs)
             Began as a Gargoyle Fighter on July 17, 2015.
             Was a High Priest of Okawaru.
             Splashed by Dissolution's acid (6 damage)
             ... in the Dungeon (Sprint VII: "The Pits").
             The game lasted 00:09:46 (3238 turns).

nuthulu the Tortoise (Gargoyle Fighter)             Turns: 3238, Time: 00:09:46

Health: -5/88      AC: 30    Str: 24    XL:     12   Next: 13%
Magic:  13/14      EV: 11    Int: 10    God:    Okawaru [*****.]
Gold:   33         SH:  0    Dex: 15    Spells: 0 memorised, 11 levels left

rFire  + . .     SeeInvis .     s - +4 flail (protect)
rCold  . . .     Clarity  .     B - +1 plate armour {rF+}
rNeg   + . .     SustAt   .     c - +0 shield
rPois  ∞         Gourm    .     (no helmet)
rElec  +         Spirit   .     (no cloak)
rCorr  .         Warding  .     (no gloves)
rMut   .         NoTele   +     (no boots)
MR     .....                    (no amulet)
Stlth  ..........               u - +3 ring of strength
                                t - +3 ring of dexterity

@: confused, heroism, corroded equipment, not resistant to hostile enchantments,
extremely unstealthy
A: negative energy resistance 1, electricity resistance, unbreathing,
petrification resistance, rot immunity, AC +8
a: Heroism, Finesse, Renounce Religion


You were in the Dungeon.
You worshipped Okawaru.
Okawaru was extremely pleased with you.
You were not hungry.

You visited 1 branch You collected 33 gold pieces.

Inventory:

Hand weapons
 a - a +0 flail
 s - a +4 flail of protection (weapon)
 x - the +2 morningstar of Harmony {speed, rN++ Dex-5}
   (You found it in the Dungeon)

   Attacks with this weapon are significantly faster.
   It affects your dexterity (-5).
   It greatly protects you from negative energy.
Armour
 b - a +0 scale mail
 c - a +0 shield (worn)
 q - the +1 chain mail of the Many Hells {rN+ Str-4 Dex+6}
   (Okawaru gifted it to you in the Dungeon)

   It affects your strength (-4).
   It affects your dexterity (+6).
   It protects you from negative energy.
 r - a +4 plate armour
 B - a +1 plate armour of fire resistance (worn)
Jewellery
 t - a +3 ring of dexterity (left hand)
 u - a +3 ring of strength (right hand)
 D - an uncursed ring of fire
Scrolls
 k - 4 scrolls of blinking
 n - 4 scrolls of remove curse
 o - 5 scrolls of amnesia
 p - a scroll of summoning
 y - a scroll of fear
 A - 2 scrolls of fog
 E - a scroll of identify
Potions
 f - 7 potions of curing
 g - 16 potions of heal wounds
 h - 2 potions of haste
 i - 4 potions of magic
 l - 2 potions of berserk rage
 m - 2 potions of invisibility
 v - a potion of cure mutation
 w - a potion of agility
 z - 5 potions of might
Comestibles
 d - 39 fruits
 e - 7 bread rations
 j - 7 meat rations


   Skills:
 + Level 16.3(21.3) Fighting
 + Level 14.3(19.3) Maces & Flails
 + Level 16.5(21.5) Armour
 - Level 0.1(5.1) Dodging
 - Level 16.0(21.0) Shields
 + Level 2.9 Invocations


You had 11 spell levels left.
You didn't know any spells.

Dungeon Overview and Level Annotations

Branches:
Dungeon (1/1)

Altars:
Ashenzari
Cheibriados
Dithmenos
Elyvilon
Fedhas
Gozag
Kikubaaqudgha
Makhleb
Nemelex Xobeh
Okawaru
Qazlal
Ru
Sif Muna
Trog
Vehumet
Xom
Yredelemnul
Zin
The Shining One
Beogh
Jiyva
Lugonu

Annotations:
D Dissolution


Innate Abilities, Weirdness & Mutations

You are resistant to torment.
Your stone body is resilient (AC +8).
You are immune to poison.
You resist negative energy.
You are resistant to electric shocks.
You can survive without breathing.
You are immune to petrification.
You are immune to rotting.


Message History

You block the air elemental's attack.
The golden eye pulsates ominously.
The golden eye blinks at you.
You are confused.
Dissolution gurgles deeply, a call to fellow slimes.
The air elemental hits you but does no damage.
You're too confused!
Unknown command.
You sock Dissolution! The acid corrodes you!
Your hands burn!
Dissolution is moderately wounded.
The air elemental barely misses you. The golden eye blinks at you.
You are more confused.
The reaper hits you from afar with a scythe of freezing!
The reaper freezes you.
* * * LOW HITPOINT WARNING * * *
Dissolution hits you!!
* * * LOW HITPOINT WARNING * * *
You are splashed with acid!
The acid burns!
You die...

###''####++#######
#......##......... #######
#.#+##.##......... ...... #.#
h+.##..####### ..... #.'eE#.##..#
#++# #h#s2+.##..#
##++###########23))#.##..#
.........##..##J##s#.##..#
..#......##..##G@E3..##..#
.........''..##########..#
.........''..##########..#
..#......##..............#
.........##....).........#
##''######################
##''############## ##############
##......#...'....###...##....##..
##....###.).###...#...##......##.


You could see Dissolution, a reaper, a hell hog, an air elemental, a neqoxec, a
jumping spider and a golden eye.

Vanquished Creatures
  An emperor scorpion (D)
  Erica (D)
  An alligator (D)
  A hell hog (D)
  Sonja (D)
  A sun demon (D)
  2 unseen horrors (D)
  An orc knight (D)
  A griffon (D)
  2 manticores (D)
  A black mamba (D)
  Psyche (D)
  A rust devil (D)
  A molten gargoyle (D)
  An efreet (D)
  A kobold demonologist (D)
  A freezing wraith (D)
  2 blue devils (D)
  Grinder (D)
  3 two-headed ogres (D)
  A spriggan (D)
  A tarantella (D)
  A wraith (D)
  3 basilisks (D)
  3 vampire mosquitoes (D)
  A warg (D)
  11 wolves (D)
  2 deep elf fighters (D)
  A water moccasin (D)
  A soldier ant (D)
  An orc warrior (D)
  An ice beast (D)
  A crocodile (D)
  2 centaurs (D)
  4 big kobolds (D)
  A brain worm (D)
  2 crimson imps (D)
  A gnoll shaman (D)
  A jelly (D)
  An orc wizard (D)
  An iron imp (D)
  Terence (D)
  2 hell rats (D)
  A worker ant (D)
  A gnoll (D)
  2 oozes (D)
  An adder skeleton (D)
  A worm (D)
  A giant gecko (D)
  2 orcs (D)
  A ball python (D)
  A hobgoblin (D)
  2 kobolds (D)
  2 quokkas (D)
  A rat (D)
85 creatures vanquished.

Vanquished Creatures (others)
  A vampire mosquito (D)
1 creature vanquished.

Grand Total: 86 creatures vanquished

Notes
Turn   | Place    | Note
--------------------------------------------------------------
     0 | D        | nuthulu the Gargoyle Fighter began the quest for the Orb.
     0 | D        | Reached XP level 1. HP: 14/14 MP: 1/1
    10 | D        | Noticed a deep elf fighter
    31 | D        | Killed a deep elf fighter
    31 | D        | Reached skill level 6 in Fighting
    31 | D        | Reached XP level 2. HP: 6/23 MP: 2/2
    31 | D        | Reached XP level 3. HP: 7/28 MP: 3/3
    31 | D        | Reached XP level 4. HP: 8/32 MP: 4/4
    31 | D        | Reached XP level 5. HP: 9/37 MP: 5/5
   367 | D        | Reached skill level 7 in Armour
   380 | D        | Noticed a worker ant
   385 | D        | Killed a worker ant
   447 | D        | Found a sacrificial altar of Ru.
   447 | D        | Found a basalt altar of Yredelemnul.
   447 | D        | Found a glowing golden altar of the Shining One.
   447 | D        | Found a deep blue altar of Sif Muna.
   447 | D        | Found a burning altar of Makhleb.
   447 | D        | Found an ancient bone altar of Kikubaaqudgha.
   447 | D        | Found a glowing silver altar of Zin.
   448 | D        | Found a shadowy altar of Dithmenos.
   448 | D        | Found a bloodstained altar of Trog.
   448 | D        | Found a shattered altar of Ashenzari.
   448 | D        | Found a white marble altar of Elyvilon.
   448 | D        | Found a snail-covered altar of Cheibriados.
   448 | D        | Found a blossoming altar of Fedhas.
   448 | D        | Found a radiant altar of Vehumet.
   448 | D        | Found a shimmering altar of Xom.
   448 | D        | Found a sparkling altar of Nemelex Xobeh.
   448 | D        | Found a corrupted altar of Lugonu.
   448 | D        | Found a viscous altar of Jiyva.
   448 | D        | Found a roughly hewn altar of Beogh.
   448 | D        | Found an iron altar of Okawaru.
   452 | D        | Found a stormy altar of Qazlal.
   453 | D        | Found an opulent altar of Gozag.
   455 | D        | Became a worshipper of Warmaster Okawaru
   482 | D        | Noticed a warg
   483 | D        | Noticed Grinder
   483 | D        | Noticed Terence
   483 | D        | Noticed a wolf
   483 | D        | Noticed a big kobold
   484 | D        | Noticed a crimson imp
   509 | D        | Noticed a brain worm
   516 | D        | Killed a brain worm
   516 | D        | Reached skill level 8 in Armour
   525 | D        | Noticed an ice beast
   545 | D        | Killed an ice beast
   545 | D        | Acquired Okawaru's first power
   545 | D        | Reached skill level 5 in Maces & Flails
   545 | D        | Reached XP level 6. HP: 33/44 MP: 6/6
   744 | D        | Killed Terence
   744 | D        | Reached skill level 9 in Armour
   762 | D        | Killed a big kobold
   772 | D        | Killed a warg
   772 | D        | Reached XP level 7. HP: 49/51 MP: 4/7
   778 | D        | Killed a wolf
   778 | D        | Reached skill level 10 in Armour
   796 | D        | Killed a crimson imp
   838 | D        | Killed Grinder
   838 | D        | Reached skill level 10 in Fighting
   838 | D        | Reached skill level 10 in Shields
   838 | D        | Reached XP level 8. HP: 51/57 MP: 6/8
   867 | D        | Noticed a crimson imp
   878 | D        | Killed a crimson imp
   889 | D        | Noticed a two-headed ogre
   892 | D        | Killed a two-headed ogre
   892 | D        | Reached skill level 11 in Armour
   895 | D        | Noticed a deep elf fighter
   895 | D        | Noticed an iron imp
   895 | D        | Noticed a gnoll shaman
   903 | D        | Killed a gnoll shaman
   918 | D        | Killed a deep elf fighter
   922 | D        | Killed an iron imp
   931 | D        | Noticed a centaur
   931 | D        | Noticed a soldier ant
   931 | D        | Noticed Psyche
   942 | D        | Killed Psyche
   942 | D        | Reached XP level 9. HP: 61/64 MP: 6/9
   950 | D        | Killed a soldier ant
   958 | D        | Killed a centaur
   991 | D        | Got the +2 morningstar of Harmony {speed, rN++ Dex-5}
  1059 | D        | Noticed Erica
  1060 | D        | Noticed a black mamba
  1072 | D        | Killed a black mamba
  1072 | D        | Reached skill level 12 in Armour
  1088 | D        | Noticed a wraith
  1107 | D        | Killed a wraith
  1110 | D        | Killed Erica
  1110 | D        | Acquired Okawaru's second power
  1110 | D        | Reached skill level 10 in Maces & Flails
  1305 | D        | Noticed a wolf
  1305 | D        | Noticed a wolf
  1305 | D        | Noticed a wolf
  1305 | D        | Noticed a wolf
  1313 | D        | Killed a wolf
  1320 | D        | Killed a wolf
  1320 | D        | Reached skill level 13 in Armour
  1324 | D        | Killed a wolf
  1324 | D        | Reached XP level 10. HP: 58/72 MP: 8/10
  1336 | D        | Killed a wolf
  1401 | D        | Noticed a hell rat
  1401 | D        | Noticed a centaur
  1403 | D        | Killed a hell rat
  1411 | D        | Killed a centaur
  1422 | D        | Noticed a water moccasin
  1422 | D        | Noticed a basilisk
  1431 | D        | Killed a water moccasin
  1435 | D        | Killed a basilisk
  1446 | D        | Noticed a spriggan
  1449 | D        | Noticed a manticore
  1450 | D        | Noticed Sonja
  1459 | D        | Killed a spriggan
  1466 | D        | Killed a manticore
  1466 | D        | Received a gift from Okawaru
  1467 | D        | Got a smoking chain mail {god gift}
  1478 | D        | Identified the +1 chain mail of the Many Hells {rN+ Str-4 Dex+6} (Okawaru gifted it to you in the Dungeon)
  1509 | D        | Killed an unseen horror
  1518 | D        | Noticed a blue devil
  1518 | D        | Noticed a blue devil
  1525 | D        | Killed a blue devil
  1528 | D        | Noticed a griffon
  1534 | D        | Killed a blue devil
  1534 | D        | Reached skill level 14 in Armour
  1544 | D        | Killed a griffon
  1581 | D        | Noticed a tarantella
  1583 | D        | Noticed an emperor scorpion
  1585 | D        | Killed a tarantella
  1586 | D        | Noticed a two-headed ogre
  1609 | D        | Killed a two-headed ogre
  1615 | D        | Killed an emperor scorpion
  1615 | D        | Reached XP level 11. HP: 28/80 MP: 9/11
  1761 | D        | Killed Sonja
  1964 | D        | Noticed a two-headed ogre
  1971 | D        | Killed a two-headed ogre
  1971 | D        | Reached skill level 15 in Armour
  1975 | D        | Noticed a basilisk
  1977 | D        | Noticed a big kobold
  1990 | D        | Killed a basilisk
  1991 | D        | Noticed a kobold demonologist
  1991 | D        | Noticed a big kobold
  2004 | D        | Noticed a big kobold
  2004 | D        | Killed a big kobold
  2009 | D        | Noticed an ice devil
  2009 | D        | Noticed a hell rat
  2011 | D        | Noticed a vampire mosquito
  2011 | D        | Killed a kobold demonologist
  2013 | D        | Noticed a vampire mosquito
  2022 | D        | Killed a vampire mosquito
  2025 | D        | Killed a vampire mosquito
  2027 | D        | Noticed a jelly
  2032 | D        | Killed a jelly
  2033 | D        | Noticed an orc knight
  2038 | D        | Noticed an orc warrior
  2048 | D        | Killed an orc knight
  2048 | D        | Reached skill level 15 in Fighting
  2048 | D        | Reached skill level 15 in Shields
  2049 | D        | Noticed a wolf
  2049 | D        | Noticed a wolf
  2050 | D        | Noticed a wolf
  2050 | D        | Noticed a wolf
  2050 | D        | Noticed an orc wizard
  2050 | D        | Noticed a wolf
  2050 | D        | Noticed a wolf
  2051 | D        | Noticed a basilisk
  2052 | D        | Killed an orc warrior
  2054 | D        | Killed a big kobold
  2063 | D        | Noticed a manticore
  2064 | D        | Killed a wolf
  2074 | D        | Killed a wolf
  2076 | D        | Killed a wolf
  2077 | D        | Killed an orc wizard
  2080 | D        | Killed a wolf
  2085 | D        | Killed a basilisk
  2089 | D        | Killed a wolf
  2091 | D        | Killed a big kobold
  2093 | D        | Killed a wolf
  2106 | D        | Noticed a rust devil
  2107 | D        | Killed a hell rat
  2122 | D        | Killed a rust devil
  2181 | D        | Noticed a molten gargoyle
  2189 | D        | Killed a molten gargoyle
  2302 | D        | Killed a manticore
  2445 | D        | Noticed a sun demon
  2454 | D        | Killed a sun demon
  2454 | D        | Reached skill level 16 in Armour
  2749 | D        | Noticed a crocodile
  2749 | D        | Noticed an efreet
  2750 | D        | Noticed a vampire mosquito
  2752 | D        | Noticed a vampire mosquito
  2753 | D        | Killed a vampire mosquito
  2762 | D        | Killed an efreet
  2763 | D        | Killed a crocodile
  2763 | D        | Received a gift from Okawaru
  2766 | D        | Killed a vampire mosquito
  2794 | D        | Noticed a freezing wraith
  2794 | D        | Noticed an alligator
  2813 | D        | Killed an alligator
  2825 | D        | Killed a freezing wraith
  2825 | D        | Reached XP level 12. HP: 12/88 MP: 12/12
  3181 | D        | Killed an unseen horror
  3181 | D        | Reached skill level 1 in Invocations
  3216 | D        | Noticed a hell hog
  3216 | D        | Noticed a neqoxec
  3216 | D        | Noticed a deep elf blademaster
  3216 | D        | Noticed a reaper
  3216 | D        | Noticed Dissolution
  3216 | D        | Noticed an air elemental
  3216 | D        | Noticed a jumping spider
  3217 | D        | Noticed a hell hog
  3225 | D        | Killed a hell hog
  3238 | D        | HP: 1/88 [Dissolution (23)]
  3238 | D        | Splashed by Dissolution's acid

Vault maps used:
D:        pitsprint

Action                   |  1- 3 |  4- 6 |  7- 9 | 10-12 || total
-------------------------+-------+-------+-------+-------++-------
Melee: Flail             |     9 |    62 |    82 |    63 ||   216
       Morningstar       |       |       |    52 |   229 ||   281
Invok: Heroism           |       |     2 |     5 |    11 ||    18
  Use: Potion            |     2 |     1 |       |     3 ||     6
       Scroll            |       |       |       |     6 ||     6
  Eat: Chunk             |       |     1 |     1 |     3 ||     5
       Bread ration      |       |       |     1 |       ||     1
       Fruit             |       |       |       |     1 ||     1
